 Dungeon Crawl Stone Soup version 0.29-a0-221-gceb61267dd (webtiles) character file.

Game seed: 14683222669859543298

11415 Crownlay the Thaumaturge (level 11, -4/63 HPs)
             Began as a Gargoyle Earth Elementalist on Feb 26, 2022.
             Was an Elder of Vehumet.
             Killed by divine providence
             ... invoked by a meliai
              (14 damage)
             ... on level 11 of the Dungeon.
             The game lasted 01:02:36 (13056 turns).

Crownlay the Thaumaturge (GrEE)                    Turns: 13056, Time: 01:02:36

Health: -4/63      AC: 15    Str: 11    XL:     11   Next: 77%
Magic:  24/28      EV: 15    Int: 21    God:    Vehumet [****..]
Gold:   562        SH:  0    Dex: 10    Spells: 30/36 levels left

rFire   + . .      SeeInvis .   O - +0 demon trident (elec)
rCold   . . .      Faith    .   (no shield)
rNeg    + . .      Spirit   .   M - +2 robe {rF+}
rPois   ∞          Reflect  .   t - +0 helmet
rElec   +          Harm     .   r - +0 cloak
rCorr   .          Rampage  .   (no gloves)
Will    .....                   i - +0 pair of boots
Stlth   ++........              A - amulet of magic regeneration
HPRegen 0.20/turn               (no ring)
MPRegen 0.61/turn               F - +4 ring of evasion

@: no status effects
A: sickness immunity, AC +8, negative energy resistance 1, electricity
resistance, torment resistance 1, petrification resistance
a: Renounce Religion


You were on level 11 of the Dungeon.
You worshipped Vehumet.
Vehumet was greatly pleased with you.
You visited 2 branches of the dungeon, and saw 13 of its levels.
You also visited: Ossuary.

You collected 562 gold pieces.

Inventory:

Hand Weapons
 O - a +0 demon trident of electrocution (weapon)
Missiles
 a - 76 stones
Armour
 i - a +0 pair of boots (worn)
 r - a +0 cloak (worn)
 t - a +0 helmet (worn)
 M - a +2 robe of fire resistance (worn)
Magical Staves
 c - a staff of fire
Jewellery
 b - a ring of ice
 A - an amulet of magic regeneration (around neck)
 F - a +4 ring of evasion (right hand)
 N - an amulet of guardian spirit
Wands
 o - a wand of paralysis (6)
 s - a wand of flame (34)
 y - a wand of iceblast (5)
 J - a wand of acid (5)
 L - a wand of digging (9)
Scrolls
 e - a scroll of identify
 l - a scroll of teleportation
 n - 3 scrolls of amnesia
 w - 4 scrolls of magic mapping
 x - a scroll of holy word {unknown}
 B - a scroll of fear {unknown}
 D - a scroll of acquirement {unknown}
 G - a scroll of enchant armour {unknown}
Potions
 d - 2 potions of haste
 g - 8 potions of flight
 h - 3 potions of berserk rage {unknown}
 j - 3 potions of brilliance {unknown}
 m - 3 potions of heal wounds
 p - 2 potions of ambrosia {unknown}
 q - a potion of attraction {unknown}
 z - 8 potions of curing
 E - 3 potions of might {unknown}
 I - a potion of invisibility {unknown}
 K - 4 potions of magic
Miscellaneous
 H - a phantom mirror


   Skills:
 - Level 5.0 Fighting
 - Level 1.5 Dodging
 - Level 2.1 Stealth
 * Level 13.3 Spellcasting
 + Level 7.5 Conjurations
 - Level 0.7 Transmutations
 - Level 10.0 Earth Magic


You had 30 spell levels left.
You knew the following spells:

 Your Spells              Type           Power      Damage    Failure   Level
a - Sandblast             Erth           100%       2d20      1%          1
b - Passwall              Tmut/Erth      30%        N/A       1%          2
c - Stone Arrow           Conj/Erth      100%       3d13      1%          3

Your spell library contained the following spells:

 Spells                   Type           Power      Damage    Failure   Level
 Sticky Flame             Conj/Fire      29%        2d5       2%          4
 Petrify                  Tmut/Erth      36%        N/A       4%          4
 Blink                    Tloc           28%        N/A       7%          2
 Gell's Gravitas          Tloc           14%        N/A       14%         3
 Lesser Beckoning         Tloc           14%        N/A       14%         3
 Teleport Other           Tloc           14%        N/A       14%         3
 Manifold Assault         Tloc           14%        N/A       77%         5
 Dispersal                Tloc           7%         N/A       100%        6


Dungeon Overview and Level Annotations

Branches:
Dungeon (12/15)            Temple (1/1) D:4            Lair (0/6) D:10
Ossuary (visited)
    Orc: D:9-12

Altars:
Ashenzari
Cheibriados
Dithmenos
Elyvilon
Fedhas
Gozag
Hepliaklqana
Kikubaaqudgha
Makhleb
Nemelex Xobeh
Okawaru
Qazlal
Ru
Sif Muna
Trog
Uskayaw
Vehumet
Wu Jian
Xom
Yredelemnul
Zin
The Shining One

Annotations:
D:3 1 runed translucent door, mopl's ghost, amateur MfFi
D:11 Snorg


Innate Abilities, Weirdness & Mutations

You are immune to sickness and miasma.
Your stone body is resilient. (AC +8)
You are immune to poison.
You resist negative energy. (rN+)
You are resistant to electric shocks. (rElec)
You are resistant to unholy torment.
You are immune to petrification.


Message History

The howler monkey is almost dead.
The howler monkey hoots and howls with incredible vigour!
You hear a shout! x2; You hear an angry buzzing noise.
The stone arrow hits the howler monkey!!
You kill the howler monkey!
Vehumet accepts your kill.
A meliai is nearby!
The stone arrow misses the meliai.
The meliai buzzes angrily.
The stone arrow hits the meliai.
The meliai is moderately wounded.
The meliai zaps a wand.
You suddenly lose the ability to move!
The meliai calls down the wrath of its god upon you.
Something smites you!
The meliai mumbles some strange prayers to its god against you.
Something smites you! The meliai hits you but does no damage.
The meliai stings you but does no damage.
The meliai hits you but does no damage.
The meliai stings you but does no damage.
The meliai hits you with a +0 hand axe. The meliai stings you.
The meliai zaps a wand.
You easily resist.
The meliai hits you but does no damage. The meliai stings you!
The meliai hits you with a +0 hand axe.
The meliai stings you but does no damage.
You can move again.
You are too injured to fight recklessly!
Casting: Stone Arrow (safe; 1% risk of failure)
Confirm with . or Enter, or press ? or * to list all spells.
Aiming: Stone Arrow (safe; 1% risk of failure)
Press: ? - help, Shift-Dir - straight line, f/p - meliai
Aim: a meliai, wielding a +0 hand axe, wearing a +0 leather armour and carrying a wand of paralysis (2) (lightly wounded, 66% to hit)
The stone arrow hits the meliai!!
The meliai is almost dead.
The meliai invokes the aid of its god against you.
Something smites you!
* * * LOW HITPOINT WARNING * * *
The meliai mumbles some strange prayers to its god against you.
Something smites you!
You die...

≈≈§.......#.
.....≈≈≈≈.##.
≈≈≈≈.≈≈≈≈.##.### #
≈≈≈≈.≈≈≈≈.##?..#######.#
≈≈≈≈.≈≈≈≈.####...#......
≈≈≈≈.≈≈≈≈...............
####
..........######...##..#
#>..
.######.########..## #
#.T.
#.#########.##..@y....#
.# #...
#....!..)......######.#
..# ####
###########.......#
#†#.$# # #######..
#)...# # #...#...# #.
#.......# #/.
...####.... ...# ....
#....y..# ......
.#.###.#


You could see a meliai.

Vanquished Creatures
  Harold (D:10)
  A hydra (D:11)
  Erica (D:8)
  3 two-headed ogres
  Urug (D:10)
  A wizard (D:11)
  A manticore (D:11)
  Joseph (D:10)
  Maggie (D:10)
  Psyche (D:10)
  A troll (D:9)
  Sigmund (D:3)
  A wyvern (D:9)
  A water elemental (D:11)
  5 yaks (D:10)
  A steam dragon (D:9)
  A swamp worm (shapeshifter) (D:11)
  A water moccasin (D:7)
  Duvessa (D:6)
  5 orc warriors
  3 ice beasts
  2 necrophages (D:5)
  2 ogres
  2 centaurs
  A phantom (D:6)
  An elf zombie (D:8)
  2 bullfrogs (D:8)
  3 gnoll sergeants
  6 scorpions
  An elf skeleton (D:8)
  Dowan (D:6)
  6 killer bees (D:11)
  2 electric eels (D:11)
  3 howler monkeys
  A centaur zombie (Ossuary)
  4 human zombies
  2 hounds
  2 jellies
  9 orc priests
  Crazy Yiuf (D:3)
  A human skeleton (D:8)
  Natasha (thrice) (D:3)
  2 iguanas
  3 orc wizards
  2 mummies (Ossuary)
  Robin (D:4)
  14 adders
  11 gnolls
  A shadow imp (D:7)
  A white imp (D:8)
  2 adder zombies (Ossuary)
  2 worms (D:2)
  A dart slug (D:2)
  30 orcs
  5 ball pythons
  13 bats
  6 endoplasms
  4 giant cockroaches
  15 goblins
  12 hobgoblins
  4 jackals (D:2)
  3 quokkas
  3 frilled lizards
  A goblin zombie (Ossuary)
  8 hobgoblin zombies (Ossuary)
  2 jackal zombies (Ossuary)
  5 kobolds
  10 kobold zombies (Ossuary)
  An orc skeleton (D:8)
  9 orc zombies (Ossuary)
  6 rats
  A rat zombie (Ossuary)
266 creatures vanquished.

Vanquished Creatures (others)
  4 fungi (D:4)
4 creatures vanquished.

Grand Total: 270 creatures vanquished

Notes
Turn   | Place    | Note
-------+----------+-------------------------------------------
     0 | D:1      | Crownlay the Gargoyle Earth Elementalist began the quest
                  | for the Orb.
     0 | D:1      | Reached XP level 1. HP: 10/10 MP: 3/3
   137 | D:1      | Reached XP level 2. HP: 13/15 MP: 1/5
   642 | D:1      | Found a faded altar of an unknown god.
   888 | D:2      | Reached XP level 3. HP: 19/19 MP: 1/7
  1000 | D:2      | Reached skill level 3 in Spellcasting
  1157 | D:2      | Reached XP level 4. HP: 24/24 MP: 9/9
  1393 | D:2      | Learned a level 2 spell: Passwall
  1397 | D:2      | Learned a level 3 spell: Stone Arrow
  2149 | D:3      | Noticed Sigmund
  2156 | D:3      | Killed Sigmund
  2157 | D:3      | Reached skill level 4 in Spellcasting
  2157 | D:3      | Reached skill level 5 in Earth Magic
  2157 | D:3      | Reached XP level 5. HP: 28/28 MP: 0/12
  2157 | D:3      | Reached XP level 6. HP: 32/32 MP: 0/13
  2304 | D:3      | Found a runed translucent door.
  2305 | D:3      | Noticed mopl's ghost (amateur MfFi)
  2322 | D:3      | Noticed Natasha
  2329 | D:3      | Killed Natasha
  2330 | D:3      | Reached skill level 5 in Spellcasting
  2870 | D:3      | Noticed Natasha
  2872 | D:3      | Killed Natasha
  3056 | D:3      | Found a runed translucent door.
  3057 | D:3      | Noticed Crazy Yiuf
  3399 | D:3      | Killed Crazy Yiuf
  3677 | D:3      | Noticed Natasha
  3681 | D:3      | Killed Natasha
  3748 | D:4      | Noticed Robin
  3756 | D:3      | Reached XP level 7. HP: 36/36 MP: 7/15
  3834 | D:4      | Killed Robin
  4461 | D:4      | Reached skill level 6 in Spellcasting
  5119 | D:4      | Found a staircase to the Ecumenical Temple.
  5252 | Temple   | Entered the Ecumenical Temple
  5367 | Temple   | Became a worshipper of Vehumet
  5530 | D:5      | Entered Level 5 of the Dungeon
  5669 | D:5      | Reached XP level 8. HP: 40/41 MP: 14/18
  5716 | D:5      | Reached skill level 7 in Spellcasting
  6141 | D:5      | Reached skill level 8 in Spellcasting
  6407 | D:5      | Reached * piety under Vehumet
  6407 | D:5      | Offered knowledge of Shock by Vehumet.
  7064 | D:6      | Reached XP level 9. HP: 45/45 MP: 19/21
  7295 | D:6      | Noticed Dowan
  7296 | D:6      | Noticed Duvessa
  7298 | D:6      | Killed Dowan
  7307 | D:6      | Killed Duvessa
  7308 | D:6      | Reached skill level 9 in Spellcasting
  7528 | D:6      | Identified the +1 plate armour of Tanedig {rCorr Dex+4}
  8645 | D:8      | Found a sand-covered staircase.
  8652 | Ossuary  | Entered an ossuary
  8662 | Ossuary  | Offered knowledge of Scorch by Vehumet.
  8681 | Ossuary  | Reached ** piety under Vehumet
  8704 | Ossuary  | Reached skill level 10 in Spellcasting
  8876 | D:8      | Offered knowledge of Frozen Ramparts by Vehumet.
  8960 | D:8      | Reached *** piety under Vehumet
  8961 | D:8      | Reached skill level 10 in Earth Magic
  9023 | D:8      | Found an ancient bone altar of Kikubaaqudgha.
  9479 | D:8      | You are sucked into a shaft and drop 1 floor!
  9539 | D:8      | Noticed Erica
  9559 | D:8      | Reached skill level 1 in Fighting
  9559 | D:8      | Reached skill level 1 in Conjurations
  9559 | D:8      | Reached XP level 10. HP: 18/52 MP: 11/24
  9561 | D:8      | Killed Erica
 10214 | D:9      | Reached skill level 11 in Spellcasting
 10750 | D:9      | Offered knowledge of Fulminant Prism by Vehumet.
 11324 | D:10     | Entered Level 10 of the Dungeon
 11427 | D:10     | Found a staircase to the Lair.
 11505 | D:10     | Noticed a two-headed ogre
 11511 | D:10     | Killed a two-headed ogre
 11581 | D:10     | Noticed Psyche
 11587 | D:10     | Killed Psyche
 11628 | D:10     | Noticed Joseph
 11640 | D:10     | Killed Joseph
 11857 | D:10     | Noticed Urug
 11867 | D:10     | Killed Urug
 11918 | D:10     | Noticed Harold
 11932 | D:10     | Killed Harold
 11933 | D:10     | Reached skill level 5 in Fighting
 11933 | D:10     | Reached skill level 12 in Spellcasting
 11933 | D:10     | Reached skill level 5 in Conjurations
 11933 | D:10     | Reached XP level 11. HP: 31/63 MP: 12/27
 12144 | D:10     | Noticed Maggie
 12152 | D:10     | Killed Maggie
 12392 | D:10     | Noticed a two-headed ogre
 12399 | D:10     | Killed a two-headed ogre
 12651 | D:11     | Noticed a two-headed ogre
 12657 | D:11     | Killed a two-headed ogre
 12771 | D:11     | Noticed a five-headed hydra
 12774 | D:11     | Killed a five-headed hydra
 12778 | D:11     | Reached skill level 13 in Spellcasting
 12783 | D:11     | Reached **** piety under Vehumet
 12784 | D:11     | Noticed Snorg
 12789 | D:11     | Noticed a six-headed hydra
 12793 | D:12     | Noticed a cyclops
 12794 | D:12     | Noticed a boulder beetle
 12798 | D:11     | Noticed a cyclops
 12800 | D:11     | Noticed a two-headed ogre
 12827 | D:11     | Noticed a manticore
 12832 | D:11     | Killed a manticore
 12961 | D:11     | Noticed a wizard
 12968 | D:11     | Killed a wizard
 12970 | D:11     | Offered knowledge of Sticky Flame by Vehumet.
 13050 | D:11     | Paralysed by a meliai for 6 turns
 13056 | D:11     | Killed from afar by a meliai

Illustrated notes

Levels and vault maps discovered:
D:1:      roderic_dead_forest, layout_rooms, dilly_ecumenical_altar_fadedgnrine
D:2:      minmay_chambers_of_ones, layout_loops_ring, grunt_ministairs_8
D:3:      layout_loops_corners, ebering_ghost_reflecting_pool,
          uniq_crazy_yiuf_cottage, uniq_natasha, uniq_sigmund
D:4:      old_forge, layout_basic, minmay_temple_entry_trees, uniq_robin
D:5:      layout_basic
D:6:      layout_cave_pods, nicolae_benzene_ring, lemuel_flame_loot_1,
          uniq_duvessa
D:7:      layout_loops_ring, nicolae_elevator_lobby_plus
D:8:      layout_loops_cross, kiku_gazebo_pond_becter,
          nicolae_ossuary_entry_catacombs, uniq_erica
D:9:      layout_grid_maze
D:10:     layout_long_grid, lair_entry_dummy, kennysheep_generic_room_11,
          uniq_psyche, uniq_joseph, uniq_urug, uniq_harold, uniq_maggie
D:11:     minmay_shrinking_squares, layout_rooms, orc_0_dummy, minivault_14,
          uniq_snorg
D:12:     layout_irregular_city, muffindrake_ghost_dual_entry, serial_glass,
          glass_columns_b, glass_columns_a, uniq_nergalle
Temple:   kilobyte_greek_temple

Skill      XL: |  1  2  3  4  5  6  7  8  9 10 11 |
---------------+----------------------------------+-----
Earth Magic    | 4 5 6 7 8 10 | 10.0
Spellcasting   | 3 4 5 6 8 10 12 13 | 13.3
Fighting       | 1 5 |  5.0
Conjurations   | 1 5 7 |  7.5
Dodging        | |  1.5
Stealth        | |  2.1
Transmutations | |  0.7

Action                   |  1- 3 |  4- 6 |  7- 9 | 10-12 || total
-------------------------+-------+-------+-------+-------++-------
Melee: Unarmed           |     8 |       |       |       ||     8
       Staff             |    31 |    60 |       |       ||    91
       Trident           |       |       |    36 |       ||    36
Throw: Boomerang         |       |     1 |       |       ||     1
 Cast: Sandblast         |    33 |    49 |   175 |    54 ||   311
       Stone Arrow       |       |     3 |    52 |    81 ||   136
       Passwall          |       |       |     2 |       ||     2
Evoke: Wand              |       |       |     1 |     3 ||     4
  Use: Scroll            |       |       |     7 |    10 ||    17
       Potion            |       |       |       |     2 ||     2
 Stab: Sleeping          |       |     2 |       |       ||     2
Armor: Robe              |    24 |    32 |    55 |    16 ||   127
Dodge: Dodged            |    41 |    59 |    94 |    32 ||   226

Table legend: (Time is in decaauts)
 A = Elapsed time spent in this place.
 B = Non-inter-level travel time spent in this place.
 C = Inter-level travel time spent in this place.
 D = Time resting spent in this place.
 E = Time spent auto-exploring this place.
 F = Levels seen in this place.
 G = Mean time per level.
                   A        B        C        D        E       F      G
               +--------+--------+--------+--------+--------+-----+--------+
         Total |  13082 |  12261 |    821 |    220 |   9962 |  14 |  934.4 |
       Dungeon |  12707 |  11923 |    784 |    220 |   9745 |  12 | 1058.9 |
        Temple |    162 |    125 |     37 |      0 |     99 |   1 |  162.0 |
       Ossuary |    211 |    211 |      0 |      0 |    118 |   1 |  211.0 |
               +--------+--------+--------+--------+--------+-----+--------+

Top non-repeatable levels by time:
     D:3: 1814 daAuts
     D:4: 1551 daAuts
     D:9: 1417 daAuts
    D:10: 1326 daAuts
     D:5: 1272 daAuts
     D:2: 1159 daAuts
     D:8: 1128 daAuts
     D:6: 1118 daAuts
     D:1: 868 daAuts
     D:7: 644 daAuts
    D:11: 400 daAuts
 Ossuary: 211 daAuts
  Temple: 162 daAuts
    D:12: 4 daAuts
